 Dungeon Crawl Stone Soup version 0.30-a0-728-gc68057be0a (webtiles) character file.

Game seed: 3585526359393125829

310 Dittersdorf the Shield-Bearer (level 6, -10/39 HPs)
             Began as a Gargoyle Fighter on Jan 31, 2023.
             Mangled by an ogre
             ... wielding a +0 giant club
              (12 damage)
             ... on level 4 of the Dungeon.
             The game lasted 00:04:04 (2928 turns).

Dittersdorf the Shield-Bearer (Gargoyle Fighter)    Turns: 2928, Time: 00:04:05

Health: -10/39     AC: 12    Str: 22    XL:     6   Next: 41%
Magic:  15/15      EV:  9    Int:  8    God:
Gold:   182        SH:  4    Dex:  9    Spells: 5/5 levels left

rFire   . . .      SeeInvis .    a - +0 flail
rCold   . . .      Faith    .    c - +0 buckler
rNeg    + + .      Spirit   .    b - +0 scale mail
rPois   ∞          Reflect  .    l - +0 helmet
rElec   +          Harm     .    (no cloak)
rCorr   .          Rampage  .    (no gloves)
Will    .....                    (no boots) Stlth
                                 (no amulet)
HPRegen 0.26/turn                m - ring of magical power
MPRegen 0.14/turn                h - ring of positive energy

@: no status effects
A: sickness immunity, AC +4, negative energy resistance 1, electricity
resistance, torment resistance 1, petrification resistance
a: no special abilities


You were on level 4 of the Dungeon.
You visited 1 branch of the dungeon, and saw 4 of its levels.

You collected 182 gold pieces.

Inventory:

Hand Weapons
 a - a +0 flail (weapon)
Missiles
 p - 2 curare-tipped darts (quivered)
Armour
 b - a +0 scale mail (worn)
 c - a +0 buckler (worn)
 l - a +0 helmet (worn)
Jewellery
 h - a ring of positive energy (right hand)
 m - a ring of magical power (left hand)
Scrolls
 g - a scroll of teleportation
 n - 2 scrolls of vulnerability {unknown}
 q - a scroll of poison {unknown}
 s - a scroll of identify {unknown}
 t - 2 scrolls of immolation {unknown}
Potions
 d - 2 potions of might
 e - a potion of berserk rage {unknown}
 f - 3 potions of curing {unknown}
 i - a potion of attraction {unknown}
 j - a potion of haste {unknown}
 k - a potion of heal wounds
 o - a potion of cancellation {unknown}
 r - 2 potions of mutation {unknown}


   Skills:
 + Level 4.7 Fighting
 + Level 3.6 Maces & Flails
 + Level 4.7 Armour
 + Level 4.7 Shields


You had 5 spell levels left.
You didn't know any spells.
Your spell library contained the following spells:

 Spells                   Type           Power      Damage    Failure   Level
 Ensorcelled Hibernation  Hex/Ice        0%         N/A       91%         2
 Passwall                 Tmut/Erth      0%         N/A       91%         2
 Swiftness                Air            0%         N/A       99%         3


Dungeon Overview and Level Annotations

Branches:
Dungeon (4/15)
 Temple: D:4-7

Altars:
Ashenzari


Innate Abilities, Weirdness & Mutations

You are immune to sickness and miasma.
Your stone body is resilient. (AC +4)
You are immune to poison.
You resist negative energy. (rN+)
You are resistant to electric shocks. (rElec)
You are resistant to unholy torment.
You are immune to petrification.


Message History

The hound bites you but does no damage. The ogre barely misses you.
The hound bites you.
You hit the hound.
The hound is almost dead.
The hound closely misses you.
You miss the hound.
The hound is almost dead.
The hound bites you. The ogre completely misses you.
The hound barely misses you.
You barely miss the hound.
The hound is almost dead.
The hound misses you.
The ogre hits you with a +0 giant club!!
Ouch! That really hurt!
* * * LOW HITPOINT WARNING * * *
The hound bites you but does no damage.
You are too injured to fight recklessly!
You are too injured to fight recklessly!
You are too injured to fight recklessly!
You are too injured to fight recklessly!
You are too injured to fight recklessly!
You are too injured to fight recklessly!
You are too injured to fight recklessly!
You are too injured to fight recklessly!
You are too injured to fight recklessly!
You are too injured to fight recklessly!
You are too injured to fight recklessly!
You are too injured to fight recklessly!
You are too injured to fight recklessly!
You are too injured to fight recklessly!
You are too injured to fight recklessly!
You are too injured to fight recklessly!
You closely miss the hound.
The hound is almost dead.
You block the hound's attack. The hound bites you but does no damage.
The ogre closely misses you.
You sock the hound!
You kill the hound!
The ogre hits you with a +0 giant club!
You die...

#... #....
#....
####....
.......#
#....########
#............
#..O<......[
#..@........
#....########
+....# #.....
#.....
#......
#......
#....##.


You could see an ogre.

Vanquished Creatures
  Menkaure (D:4)
  A hound (D:4)
  An orc priest (D:3)
  Terence (D:2)
  Robin (D:2)
  4 adders
  2 worms (D:3)
  3 dart slugs
  6 orcs
  4 endoplasms
  4 giant cockroaches
  14 goblins
  5 hobgoblins
  A jackal (D:2)
  3 quokkas
  3 ball pythons
  2 bats (D:3)
  A frilled lizard (D:3)
  9 kobolds
  5 rats
71 creatures vanquished.

Notes
Turn   | Place    | Note
-------+----------+-------------------------------------------
     0 | D:1      | Dittersdorf the Gargoyle Fighter began the quest for the
                  | Orb.
     0 | D:1      | Reached XP level 1. HP: 14/14 MP: 1/1
   132 | D:1      | Reached XP level 2. HP: 17/19 MP: 2/2
   849 | D:2      | Reached XP level 3. HP: 23/23 MP: 3/3
   873 | D:2      | You fall into a shaft and drop 1 floor!
   874 | D:3      | yay!
   890 | D:3      | Found a broken altar of Ashenzari.
  1063 | D:2      | Noticed Robin
  1119 | D:2      | Killed Robin
  1252 | D:2      | Found a faded altar of an unknown god.
  1262 | D:2      | Reached XP level 4. HP: 29/29 MP: 4/4
  1503 | D:2      | Noticed Terence
  1515 | D:2      | Killed Terence
  2090 | D:3      | Reached XP level 5. HP: 31/33 MP: 5/5
  2104 | D:3      | Identified the +1 hand axe "Ujunyr" {heavy, *Noise rPois
                  | rCorr Dex+4}
  2879 | D:4      | Noticed Menkaure
  2884 | D:4      | Killed Menkaure
  2885 | D:4      | Reached XP level 6. HP: 32/39 MP: 6/6
  2926 | D:4      | HP: 1/39 [ogre/+0 giant club (25)]
  2928 | D:4      | Mangled by an ogre

Illustrated notes

#.#
#..#
#...+
##....#
#.....#
#....#
+...#
#@.#
#.##
###


Turn 874 on D:3: yay!

Levels and vault maps discovered:
D:1:      mrwooster_arrival_statue, layout_loops_ring, serial_forest,
          infiniplex_forest_3_way, infiniplex_forest_straight_3,
          infiniplex_forest_straight_4, infiniplex_forest_lined_3,
          infiniplex_forest_clump_long, infiniplex_forest_end_2
D:2:      layout_basic, ebering_ecumenical_altar_sacrificial, glass_columns_b,
          serial_bayou_lagoon_a, serial_bayou_pond_d, uniq_robin, uniq_terence
D:3:      layout_basic, cheibrodos_ashenzari_chains, st_stairs_1,
          minmay_quadrilaterals
D:4:      layout_gridville, kennysheep_slug_shrine, general_overflow_altar,
          reono_crystal_passage, uniq_menkaure, uniq_grinder

Skill      XL: |  1  2  3  4 |
---------------+-------------+-----
Fighting       | 4 |  4.7
Armour         | 4 |  4.7
Shields        | 4 |  4.7
Maces & Flails | 3 |  3.6

Action                     |  1- 3 |  4- 6 || total
---------------------------+-------+-------++-------
  Melee: Flail             |    95 |   125 ||   220
    Use: Scroll            |       |     1 ||     1
 Armour: Scale mail        |    52 |    66 ||   118
  Dodge: Dodged            |    31 |    79 ||   110
  Block: Buckler           |    18 |    46 ||    64

Table legend: (Time is in decaauts)
 A = Elapsed time spent in this place.
 B = Non-inter-level travel time spent in this place.
 C = Inter-level travel time spent in this place.
 D = Time resting spent in this place.
 E = Time spent auto-exploring this place.
 F = Levels seen in this place.
 G = Mean time per level.
                   A        B        C        D        E       F      G
               +--------+--------+--------+--------+--------+-----+--------+
         Total |   3006 |   2916 |     90 |    235 |   2088 |   4 |  751.5 |
       Dungeon |   3006 |   2916 |     90 |    235 |   2088 |   4 |  751.5 |
               +--------+--------+--------+--------+--------+-----+--------+

Top non-repeatable levels by time:
     D:2: 1350 daAuts
     D:1: 853 daAuts
     D:3: 757 daAuts
     D:4: 45 daAuts
